[Event "31st MPL National U18G Chess-ch 2022"]
[Site "Pollachi"]
[Date "2022.04.21"]
[Round "8.4"]
[White "Femil Chelladurai"]
[Black "Vijayasubhasri S"]
[Result "1/2-1/2"]
[ECO "C01"]
[WhiteElo "1580"]
[BlackElo "1571"]
[Annotator "NA RC COMBH"]
[PlyCount "95"]
[EventDate "2022.04.18"]
[EventCountry "IND"]
[SourceTitle "playchess.com"]
[Source "ChessBase"]
[SourceQuality "1"]
[TimeControl "5400+30"]

1. e4 e6 2. d4 d5 3. exd5 exd5 4. Nf3 Nf6 5. Bd3 Bd6 6. O-O O-O 7. Bg5 Re8 8. Re1 Nbd7 9. Nbd2 h6 10. Bh4 c6 11. c3 Rxe1+ 12. Qxe1 Qe8 13. Bxf6 Nxf6 14. Qxe8+ Nxe8 15. Re1 Be6 16. Ne5 Bxe5 17. Rxe5 Nd6 18. Kf1 Re8 19. h3 Kf8 20. Ke2 f6 21. Re3 Bf5 22. Rxe8+ Kxe8 23. Bxf5 Nxf5 24. Kd3 Nd6 25. b3 Kd7 26. Nf1 Ne4 27. f3 Nd6 28. Ng3 g6 29. Nf1 Ke6 30. Ne3 Nf5 31. Nxf5 Kxf5 32. g3 Ke6 33. b4 b6 34. Ke3 Kd6 35. Kd3 c5 36. b5 c4+ 37. Ke3 Ke6 38. a4 f5 39. f4 Kf6 40. Kf3 h5 41. g4 h4 42. g5+ Ke6 43. Ke2 Kd6 44. Kd2 Kc7 45. Kc2 Kb7 46. Kb2 a6 47. Ka3 axb5 48. axb5 1/2-1/2

[Event "31st MPL National U18G Chess-ch 2022"]
[Site "Pollachi"]
[Date "2022.04.21"]
[Round "8.5"]
[White "Aswinika Mani R"]
[Black "Sachi Jain"]
[Result "0-1"]
[ECO "C41"]
[WhiteElo "1396"]
[BlackElo "1401"]
[Annotator "NA RC COMBH"]
[PlyCount "110"]
[EventDate "2022.04.18"]
[EventCountry "IND"]
[SourceTitle "playchess.com"]
[Source "ChessBase"]
[SourceQuality "1"]
[TimeControl "5400+30"]

1. e4 e5 2. Nf3 d6 3. d4 Nd7 4. Nc3 c6 5. a4 Be7 6. Bc4 h6 7. O-O Ngf6 8. Re1 Qc7 9. h3 Nf8 10. d5 g5 11. Nh2 Ng6 12. a5 Nf4 13. Ng4 Bxg4 14. hxg4 Qc8 15. a6 b5 16. Bxf4 gxf4 17. Be2 b4 18. Na2 c5 19. Bb5+ Kf8 20. Bc6 Rb8 21. f3 h5 22. Bb7 Qd8 23. Kf2 hxg4 24. Rh1 Nh5 25. g3 fxg3+ 26. Ke3 Bg5+ 27. Kd3 g2 28. Rg1 Nf4+ 29. Kc4 Rh3 30. fxg4 Re3 31. Re1 g1=Q 32. Rxg1 Rxe4+ 33. Kb3 Qa5 34. c4 Re3+ 35. Nc3 Qb6 36. Kc2 bxc3 37. bxc3 Ne2 38. Qb1 Rxc3+ 39. Kd1 Rc1+ 40. Kxe2 Rxb1 41. Rgxb1 Qd8 42. Ra3 Qf6 43. Rf3 Qg6 44. Rh1 Qc2+ 45. Kf1 Qd1+ 46. Kg2 Qe2+ 47. Rf2 Qxg4+ 48. Kf1 Qxc4+ 49. Kg2 Kg7 50. Rhf1 f6 51. Rf3 Rh8 52. R1f2 e4 53. Rg3 e3 54. Rb2 Qc1 55. Kf3 Qxb2 0-1

[Event "31st MPL National U18G Chess-ch 2022"]
[Site "Pollachi"]
[Date "2022.04.21"]
[Round "8.6"]
[White "Anupam M Sreekumar"]
[Black "Sindhusree K"]
[Result "1-0"]
[ECO "B41"]
[WhiteElo "1724"]
[BlackElo "1467"]
[Annotator "NA RC COMBH"]
[PlyCount "117"]
[EventDate "2022.04.18"]
[EventCountry "IND"]
[SourceTitle "playchess.com"]
[Source "ChessBase"]
[SourceQuality "1"]
[TimeControl "5400+30"]

1. e4 c5 2. Nf3 e6 3. c4 a6 4. Nc3 Qc7 5. Be2 d6 6. O-O Nf6 7. d4 cxd4 8. Nxd4 Be7 9. Be3 O-O 10. Rc1 Nbd7 11. f4 b6 12. f5 e5 13. Nd5 Nxd5 14. cxd5 Qb7 15. Nc6 Bf6 16. g4 h6 17. Qe1 Nc5 18. Rxc5 bxc5 19. Qd2 Qc7 20. g5 hxg5 21. Bxg5 Bxg5 22. Qxg5 f6 23. Qh4 Bb7 24. Rf3 Bxc6 25. dxc6 Kf7 26. Rg3 Ke8 27. Qh7 Ra7 28. Bc4 g5 29. fxg6 Qxh7 30. gxh7 Rxh7 31. Bxa6 Ra7 32. Bb7 Kf7 33. h4 Rh8 34. Ra3 Rxa3 35. bxa3 Rxh4 36. c7 Rh8 37. c8=Q Rxc8 38. Bxc8 Ke7 39. Kf2 Kd8 40. Be6 Kc7 41. Ke3 Kb6 42. Kd3 Ka5 43. Bd7 Kb6 44. Kc4 Kc7 45. Be6 Kc6 46. a4 Kb6 47. a3 Ka5 48. Bd7 Kb6 49. Bb5 Kb7 50. a5 Kb8 51. Kd5 Kc7 52. a6 Kb6 53. Kxd6 f5 54. exf5 e4 55. Be2 c4 56. Bxc4 e3 57. f6 e2 58. Bxe2 Ka5 59. f7 1-0

[Event "31st MPL National U18G Chess-ch 2022"]
[Site "Pollachi"]
[Date "2022.04.21"]
[Round "8.7"]
[White "Saniya Rafique Tadavi"]
[Black "Vakcheri Mohitha"]
[Result "*"]
[ECO "B87"]
[WhiteElo "1298"]
[BlackElo "1459"]
[Annotator "NA RC COMBH"]
[PlyCount "25"]
[EventDate "2022.04.18"]
[EventCountry "IND"]
[SourceTitle "playchess.com"]
[Source "ChessBase"]
[SourceQuality "1"]
[TimeControl "5400+30"]

1. e4 c5 2. Nf3 d6 3. d4 cxd4 4. Nxd4 Nf6 5. Nc3 a6 6. Bc4 e6 7. Bb3 b5 8. Qf3 Qb6 9. Be3 Qb7 10. Bg5 Be7 11. O-O Nbd7 12. Rfe1 Nc5 13. a3 *

[Event "31st MPL National U18G Chess-ch 2022"]
[Site "Pollachi"]
[Date "2022.04.22"]
[Round "9.1"]
[White "Chinnam Vyshnavi"]
[Black "Bhagyashree Patil"]
[Result "0-1"]
[ECO "A14"]
[WhiteElo "1721"]
[BlackElo "1974"]
[Annotator "TA"]
[PlyCount "146"]
[EventDate "2022.04.18"]
[EventCountry "IND"]
[SourceTitle "playchess.com"]
[Source "ChessBase"]
[SourceQuality "1"]
[TimeControl "5400+30"]

1. Nf3 d5 2. c4 e6 3. b3 Nf6 4. Bb2 Be7 5. g3 b6 6. Bg2 Bb7 7. O-O O-O 8. e3 Nbd7 9. d4 c5 10. cxd5 Nxd5 11. Nc3 {[%emt 0:03:09] A14: English Opening: 1...e6 with b3 by White.} N7f6 12. Qe2 Rc8 13. Nxd5 {[%emt 0:02:17] The position is equal.} Bxd5 14. dxc5 Bxc5 15. Rfd1 Qe7 {[%emt 0:01:44] [#]} 16. Rac1 $146 ({Predecessor:} 16. Ne5 Ba3 17. Bxa3 Qxa3 18. e4 Ba8 19. Nc4 Qe7 20. Rd3 e5 21. Rad1 g6 22. Nd6 {½-½ (70) Sonis,F (2448)-Zhigalko,S (2610) Porticcio 2018}) 16... Rfd8 17. Ne5 Bxg2 18. Kxg2 Qb7+ 19. Qf3 Qxf3+ 20. Kxf3 Kf8 (20... Rxd1 $11 {keeps the balance.} 21. Rxd1 Be7) 21. g4 (21. Rxd8+ $1 $16 Rxd8 22. b4) 21... Rxd1 $11 22. Rxd1 Rc7 (22... Be7 $11) 23. g5 $16 Ne8 24. Nd7+ $1 Ke7 25. Nxc5 bxc5 {[%emt 0:00:03][%mdl 4096] Endgame KRB-KRN} 26. Rc1 Kd6 27. Ke4 f6 {[%emt 0:01:12] Inhibits Be5+.} 28. f4 Kc6 29. b4 Nd6+ 30. Kf3 c4 (30... Kb5 $16 {was called for.}) 31. gxf6 $18 gxf6 32. Bxf6 (32. a4 $1 $18 {has better winning chances.}) 32... Kb5 $16 33. Bc3 ({White should try} 33. Be5 $16 Rc6 34. a3) 33... Rc6 $11 34. h4 Ka4 (34... Ra6 $11 {remains equal.}) 35. Bd4 (35. e4 $16) 35... Kxb4 36. Bxa7 Nb5 37. Bb8 Ra6 38. Rc2 c3 39. Be5 Kc4 {[%emt 0:00:24] Strongly threatening ...Kd3.} 40. Ke2 (40. Ke4 $11) 40... h5 {[%emt 0:01:36][%mdl 1024] Hoping for ...Ra8. Black has compensation.} (40... Ra8 $5 ) 41. Bf6 $2 (41. e4 $11) 41... Ra8 $1 $19 42. Be5 Rg8 $1 43. a4 $2 (43. Bf6 {is a better chance.}) 43... Rg2+ 44. Kd1 Rg1+ 45. Ke2 {[%emt 0:00:07] [#] Kf2 is the strong threat.} Kb3 $1 46. Kf2 {[%emt 0:00:19] Inhibits Rg2+.} Rb1 ({Worse is} 46... Kxc2 47. Kxg1 Kb3 48. Bxc3 (48. axb5 $2 c2 $19) 48... Nxc3 49. a5 $11) 47. Re2 {[%emt 0:00:34] [#]} Na7 ({Not} 47... Kxa4 48. e4 $17) ({Better is} 47... c2 $1 $19 48. Rxc2 Kxc2 49. axb5 Kd3) 48. Bxc3 $1 $15 Kxc3 {[%emt 0:00:02] KRN-KR} 49. e4 (49. f5 $15) 49... Kd4 50. e5 $2 (50. Rc2 $17) 50... Nc6 $19 51. f5 exf5 52. e6 Ne7 53. Ra2 {[%emt 0:00:29] Against Ra1} (53. Kg3) 53... Rb6 54. a5 Ra6 55. Kf3 Ke5 56. Rg2 (56. Re2+ $142 Kf6 57. Ra2) 56... Rxa5 {[%emt 0:01:22] And now ...Ra3+ would win.} 57. Rg5 Ra3+ 58. Kg2 Kxe6 59. Rxh5 f4 60. Rb5 Nf5 61. h5 Kf6 62. Rb4 Kg5 63. Rb5 Kg4 64. Rb8 Ne3+ 65. Kh1 Ra1+ 66. Kh2 Ra2+ 67. Kh1 Kxh5 68. Rg8 {[%emt 0:00:13] Black mates.} Kh4 69. Rg1 Kh3 70. Re1 f3 71. Rf1 Nxf1 72. Kg1 Ne3 73. Kh1 Ra1# {[%emt 0:00:03] Black used his chance.  Weighted Error Value: White=0.65/Black=0.23 (precise)} 0-1

[Event "31st MPL National U18G Chess-ch 2022"]
[Site "Pollachi"]
[Date "2022.04.22"]
[Round "9.2"]
[White "Sachi Jain"]
[Black "Rindhiya V"]
[Result "0-1"]
[ECO "C44"]
[WhiteElo "1401"]
[BlackElo "1949"]
[Annotator "TA"]
[PlyCount "80"]
[EventDate "2022.04.18"]
[EventCountry "IND"]
[SourceTitle "playchess.com"]
[Source "ChessBase"]
[SourceQuality "1"]
[TimeControl "5400+30"]

1. e4 e5 2. Nf3 Nc6 3. c3 d5 4. Qa4 dxe4 5. Nxe5 Bd7 (5... Qd6 $142 6. Nxc6 (6. Bb5 Nf6 $11) 6... bxc6) 6. Nxd7 $16 {[%emt 0:03:24] C44: Ponziani Opening and Scotch Gambit.} ({Weaker is} 6. Qxe4 Qe7 7. d4 f6 $17) 6... Qxd7 7. Qxe4+ Be7 8. Bb5 (8. d4 $142) 8... Nf6 9. Bxc6 bxc6 10. Qe2 O-O 11. O-O Rfe8 12. d4 {[%emt 0:03:55] [#]} c5 $146 ({Predecessor:} 12... Bd6 13. Qf3 Ng4 14. g3 c5 15. d5 Rab8 16. b3 Ne5 17. Qg2 c4 18. b4 Nd3 {0-1 (49) Cagara,P (2045)-Roebers,J (2154) Chess.com INT 2021}) 13. Be3 cxd4 14. cxd4 Ng4 {[%emt 0:30:28][%cal Oe7g5] Hoping for ...Bg5!} 15. Qd2 Nxe3 ({Don't do} 15... Qd6 16. Bf4 Qb6 17. h3 $16) 16. fxe3 c5 {[%emt 0:07:07] ...Bg5 is the strong threat.} (16... Bg5 $5 17. Rf3 Qe6 $15) 17. d5 Bf6 (17... Bg5 $5 18. Rf3 Qe7 $11) 18. Nc3 Rab8 19. Rae1 Rb4 20. Re2 Reb8 21. e4 ({Better is} 21. b3 $11) 21... Be5 (21... Rxb2 $15 22. Qxb2 Rxb2 23. Rxb2 Be5) 22. Nd1 $1 $11 c4 23. a3 Rb3 24. Rf3 (24. Qg5 $11 f6 25. Qh5) 24... Qc7 $17 {[%emt 0:01:52] aiming for ...Rxb2. &Nero is more active.} 25. h3 $2 {[%emt 0:01:07][%mdl 8192] [#] Loses the game.} (25. Kf1 $17) 25... Rxb2 $1 $19 {[%emt 0:01:45][%mdl 64] Remove Defender, Deflection, Decoy} 26. Nxb2 {[%emt 0:11:42] [#]} c3 $1 {[%emt 0:00:15][%mdl 64] Deflection, Double Attack} 27. Qd3 ({Of course not} 27. Rxc3 Bxc3 28. Qd1 Bxb2 $19) 27... cxb2 28. Rf1 (28. Re1 $142 Qb6+ 29. Kf1) 28... Qb6+ 29. Re3 b1=Q 30. Rxb1 Qxb1+ 31. Kf2 Qb2+ (31... Rb2+ $142 32. Kf3 Qg1 33. Qe2 Rxe2 34. Kxe2 Qxg2+ 35. Kd3 Qf1+ 36. Re2 Bf4 37. d6 Qd1+ 38. Kc4 Qxe2+ 39. Kd4 Qd2+ 40. Kc5 Bxd6+ 41. Kc4 a6 42. a4 Be5 43. Kc5 Qd6+ 44. Kc4 Qd4+ 45. Kb3 Qc3+ 46. Ka2 Qb2#) 32. Re2 {[%emt 0:01:18] Black is clearly winning.} Bd4+ 33. Kf3 {[%emt 0:00:03] [#]} Rb3 $1 34. Rxb2 Rxd3+ {[%emt 0:00:02][%mdl 4096] Endgame KRB-KR} 35. Ke2 Re3+ 36. Kd2 Bxb2 37. Kxe3 Bxa3 38. e5 Kf8 39. Ke4 Ke7 40. g4 a5 {[%emt 0:00:05] Weighted Error Value: White=1.04/Black=0.28 (precise)} 0-1

[Event "31st MPL National U18G Chess-ch 2022"]
[Site "Pollachi"]
[Date "2022.04.22"]
[Round "9.3"]
[White "Vijayasubhasri S"]
[Black "Keerti Shree Reddy"]
[Result "0-1"]
[ECO "B00"]
[WhiteElo "1571"]
[BlackElo "1721"]
[Annotator "NA RC COMBH"]
[PlyCount "202"]
[EventDate "2022.04.18"]
[EventCountry "IND"]
[SourceTitle "playchess.com"]
[Source "ChessBase"]
[SourceQuality "1"]
[TimeControl "5400+30"]

1. e4 a6 2. d4 b5 3. Be3 Bb7 4. Bd3 Nf6 5. Nd2 e6 6. Nh3 d6 7. O-O c5 8. c3 Nc6 9. Rc1 Be7 10. Bb1 h5 11. f3 Qb6 12. dxc5 dxc5 13. Qe1 Bd6 14. Kh1 Qc7 15. f4 Ng4 16. e5 Be7 17. Ne4 Na5 18. Bg1 Nc4 19. Qe2 Bd5 20. Bd3 Qc6 21. b3 Nb6 22. c4 bxc4 23. bxc4 Nxc4 24. Rxc4 Bxc4 25. Bxc4 O-O 26. Nhf2 Nxf2+ 27. Bxf2 Rab8 28. Nc3 Rb4 29. a3 Rb6 30. Be3 g6 31. Bc1 Rd8 32. Be3 Rdb8 33. Bc1 Rd8 34. Rd1 Rd4 35. f5 Rb8 36. f6 Bf8 37. Be3 Rxd1+ 38. Nxd1 Qe4 39. Bg1 Qxe2 40. Bxe2 c4 41. Bxc4 Rb1 42. Be2 Bxa3 43. h3 Bb2 44. g4 Bxe5 45. g5 a5 46. Kg2 a4 47. Bc5 Ra1 48. Ne3 Rc1 49. Nc4 Bb2 50. Nxb2 Rxc5 51. Nxa4 Rxg5+ 52. Kf3 Rf5+ 53. Ke3 Rxf6 54. Bd3 e5 55. Nb2 Re6 56. Na4 Kg7 57. Ke4 f5+ 58. Kd5 Re8 59. Nc5 e4 60. Bb5 Rb8 61. Ne6+ Kf6 62. Bc4 Rb1 63. Nf4 Rd1+ 64. Kc5 h4 65. Nd5+ Ke5 66. Ne7 g5 67. Ng6+ Kf6 68. Nf8 e3 69. Nh7+ Kg6 70. Nf8+ Kg7 71. Ne6+ Kf6 72. Nd4 f4 73. Be2 Rh1 74. Bg4 Rg1 75. Be2 Rg3 76. Kd5 Rxh3 77. Ke4 Rh2 78. Bg4 Rg2 79. Bf3 Ra2 80. Bg4 h3 81. Bxh3 e2 82. Nxe2 Rxe2+ 83. Kf3 Re3+ 84. Kg2 Rxh3 85. Kxh3 Kf5 86. Kg2 Kg4 87. Kf2 f3 88. Kf1 Kg3 89. Kg1 f2+ 90. Kf1 g4 91. Ke2 Kg2 92. Ke3 f1=Q 93. Kd4 Kh2 94. Kd5 g3 95. Ke5 g2 96. Kd4 g1=Q+ 97. Kd5 Qg5+ 98. Kd4 Qff4+ 99. Kc3 Qgg3+ 100. Kc2 Qff2+ 101. Kb1 Qgg1# 0-1

[Event "31st MPL National U18G Chess-ch 2022"]
[Site "Pollachi"]
[Date "2022.04.22"]
[Round "9.4"]
[White "Sasvatha A"]
[Black "Anupam M Sreekumar"]
[Result "1/2-1/2"]
[ECO "E12"]
[WhiteElo "1756"]
[BlackElo "1724"]
[Annotator "NA RC COMBH"]
[PlyCount "80"]
[EventDate "2022.04.18"]
[EventCountry "IND"]
[SourceTitle "playchess.com"]
[Source "ChessBase"]
[SourceQuality "1"]
[TimeControl "5400+30"]

1. d4 d5 2. c4 e6 3. Nf3 Nf6 4. Nc3 Be7 5. Bf4 O-O 6. e3 b6 7. cxd5 exd5 8. h3 Bb7 9. a3 c5 10. Be2 Nc6 11. dxc5 bxc5 12. Qb3 Na5 13. Qd1 Qb6 14. Na4 Qb3 15. Qxb3 Nxb3 16. Rd1 Rfd8 17. Nc3 Rac8 18. Nb1 Ne4 19. Nbd2 Nbxd2 20. Nxd2 Nd6 21. Nf3 Bf6 22. O-O Ba8 23. Be5 Bxe5 24. Nxe5 f6 25. Nd3 Nc4 26. Rc1 a5 27. Rfe1 Rb8 28. Nxc5 Rxb2 29. Na4 Rd2 30. Bxc4 dxc4 31. Rxc4 Ra2 32. Rec1 Rxa3 33. Rc8 Rxc8 34. Rxc8+ Kf7 35. Nb6 Be4 36. Rc4 Bd3 37. Rd4 Ba6 38. Nd7 Rd3 39. Rxd3 Bxd3 40. Nc5 Bc4 1/2-1/2

[Event "31st MPL National U18G Chess-ch 2022"]
[Site "Pollachi"]
[Date "2022.04.22"]
[Round "9.5"]
[White "Udagedara, Sandali Kanishka"]
[Black "Rebecca Jesumarian"]
[Result "1-0"]
[ECO "A36"]
[WhiteElo "1510"]
[BlackElo "1814"]
[Annotator "NA RC COMBH"]
[PlyCount "127"]
[EventDate "2022.04.18"]
[EventCountry "IND"]
[SourceTitle "playchess.com"]
[Source "ChessBase"]
[SourceQuality "1"]
[TimeControl "5400+30"]

1. c4 Nf6 2. Nc3 g6 3. g3 Bg7 4. Bg2 O-O 5. d3 d6 6. e4 c5 7. Nge2 Nc6 8. O-O a6 9. h3 Rb8 10. Be3 b5 11. b3 Ne8 12. Rc1 Nc7 13. cxb5 axb5 14. d4 Nxd4 15. Bxd4 cxd4 16. Nxd4 Bd7 17. Qd2 b4 18. Nd5 Ne6 (18... Nxd5 $11 19. exd5 Bxd4 20. Qxd4 Re8) 19. Ne2 (19. Nc2 $14 {might be stronger.}) 19... Nc5 20. Rfd1 Bb5 (20... Bc6 $11 {keeps the balance.}) 21. Qe3 $2 (21. Nd4 $16 {is forced if you want to stay better.}) 21... Na6 (21... e6 $15 {stays ahead.} 22. Nxb4 Qa5) 22. Nd4 e6 23. Nxb5 Rxb5 {[%emt 0:00:11] [#]} 24. Nf4 (24. Qe2 $1 $16 Rc5 (24... Rb8 25. Qxa6) 25. Rxc5 (25. Qxa6 Rxc1 26. Rxc1 exd5 $14) 25... Nxc5 26. Nxb4) 24... Qb8 (24... Qb6 $11) 25. Rc6 Ra5 26. Rdxd6 Nc7 27. Rb6 (27. Rd7 $16 Nb5 28. Rb6) 27... Qa7 28. Rxb4 Qxe3 29. fxe3 Rxa2 30. Rb7 Be5 31. Rd7 Na6 $11 32. Ra7 Nb4 33. Rxa2 Nxa2 34. Rb7 Rc8 35. Kf2 Nc1 36. Bf1 Rc2+ 37. Kf3 Rb2 38. Bc4 Bc3 39. Rb5 Be1 40. e5 h6 41. g4 Rb1 42. Ng2 (42. Rc5 $16) 42... Bc3 43. Nf4 Be1 44. Ke4 Na2 45. Rb8+ Kg7 46. Nd3 Bd2 47. Rb7 Kg8 48. Rd7 Nc3+ 49. Kf3 Rf1+ 50. Nf2 Rb1 51. Rxd2 Kg7 52. Rc2 Nd5 53. Ne4 Nb4 54. Rd2 Nc6 55. Nc5 Nxe5+ 56. Ke4 Nc6 57. Rd7 Kg8 58. Rc7 Nb4 59. Ke5 Rb2 60. Ne4 Rh2 61. Nf6+ Kg7 62. Rc8 h5 63. g5 Rxh3 64. Rg8# 1-0

[Event "31st MPL National U18G Chess-ch 2022"]
[Site "Pollachi"]
[Date "2022.04.22"]
[Round "9.6"]
[White "Ishvi Aggarwal"]
[Black "Saniya Rafique Tadavi"]
[Result "1-0"]
[ECO "E63"]
[WhiteElo "1833"]
[BlackElo "1298"]
[Annotator "NA RC COMBH"]
[PlyCount "161"]
[EventDate "2022.04.18"]
[EventCountry "IND"]
[SourceTitle "playchess.com"]
[Source "ChessBase"]
[SourceQuality "1"]
[TimeControl "5400+30"]

1. d4 Nf6 2. c4 g6 3. g3 Bg7 4. Bg2 O-O 5. Nc3 d6 6. Nf3 Nc6 7. O-O a6 8. e4 {[%emt 0:00:19] 8.b3 gains popularity.} Bg4 9. Be3 e5 10. d5 Na5 11. Qd3 c5 12. dxc6 {[%emt 0:00:00] [#]} Nxc6 $146 ({Predecessor:} 12... bxc6 13. Rfd1 Qc8 14. b4 Nb7 15. Rac1 Nd7 16. h3 Bxf3 17. Bxf3 f5 18. Bg5 Rf7 19. exf5 gxf5 {1-0 (48) Ozturk Orenli,K (2174)-Kulon,K (2139) Kemer 2007}) 13. h3 Bxf3 14. Bxf3 Ne8 15. Bg2 Nc7 16. Rfd1 Nd4 17. Bxd4 exd4 18. Ne2 Ne6 19. b4 a5 20. a3 axb4 21. axb4 Qb6 22. Rxa8 Rxa8 23. Rb1 Ra4 24. Qb3 Qa7 25. Nc1 Ra3 26. Qd1 Nd8 27. Nd3 Qa6 28. Rc1 (28. Bf1 $11) 28... Rc3 29. b5 Qa3 (29... Qa2 {was preferrable.}) 30. Bf1 $1 ({Of course not} 30. Rxc3 dxc3 31. e5 dxe5 $17) 30... Rxc1 31. Qxc1 Qc3 {[%emt 0:51:14] [#]} (31... Qxc1 $11 {keeps the balance.} 32. Nxc1 Ne6) 32. f4 $2 ({Better is} 32. Qg5 $1 $16 Qa5 33. Qe7) 32... Ne6 33. Be2 Qxc1+ 34. Nxc1 Nc5 35. Bd3 Kf8 36. Kf2 Ke7 37. Ke2 Kd8 38. Kd1 g5 39. Ke2 gxf4 40. gxf4 Bh6 41. Kf3 Kc7 42. Bc2 Kb6 43. Nd3 Ne6 44. Kg4 Bg7 45. Kf5 Nc5 46. e5 dxe5 47. fxe5 Ne6 (47... Nxd3 $11 {keeps the balance.} 48. Bxd3 Kc5) 48. h4 ({White should try} 48. Ke4 $16) 48... Bh8 (48... Nc5 $11 {keeps the balance.}) 49. Ke4 Bg7 50. Kd5 Bf8 51. Bd1 Be7 {[%emt 0:00:00] [#]} 52. h5 $1 Ng7 53. Bg4 f5 54. h6 Ne6 55. Bxf5 Nc7+ 56. Kxd4 Bf8 57. Bxh7 Bxh6 58. Bf5 Bf8 59. Bd7 Na8 60. c5+ Kc7 61. Bg4 b6 62. c6 Kd8 63. Nf4 Bc5+ 64. Kc4 $2 (64. Kd5 Nc7+ 65. Ke4) 64... Ke7 65. Nd5+ Kd8 66. Kd3 Bf2 67. Ke4 Bg3 68. Kf5 Bf2 69. Ke6 Bc5 70. Kf7 Ba3 71. Be2 Bc5 72. e6 Bd6 73. Bc4 Bc5 74. e7+ Bxe7 75. Nxe7 Nc7 76. Nd5 Na8 77. Ke6 Kc8 78. Ke7 Kb8 79. Kd8 Ka7 80. c7 Nxc7 81. Kxc7 1-0

[Event "31st MPL National U18G Chess-ch 2022"]
[Site "Pollachi"]
[Date "2022.04.22"]
[Round "10.1"]
[White "Bhagyashree Patil"]
[Black "Rindhiya V"]
[Result "1/2-1/2"]
[ECO "C54"]
[WhiteElo "1974"]
[BlackElo "1949"]
[Annotator "TA"]
[PlyCount "84"]
[EventDate "2022.04.18"]
[EventCountry "IND"]
[SourceTitle "playchess.com"]
[Source "ChessBase"]
[SourceQuality "1"]
[TimeControl "5400+30"]

1. e4 e5 2. Nf3 Nc6 3. Bc4 Bc5 4. c3 Nf6 5. d3 d6 6. Be3 Bxe3 7. fxe3 O-O 8. O-O Be6 {[%emt 0:13:00] C54: Giuoco Piano: 4 c3 Nf6, main lines with 5 d4 and 5 d3.} 9. Bxe6 fxe6 10. Nbd2 d5 {[%emt 0:06:59] The position is equal.} 11. Qe2 {[%emt 0:04:41] [#]} Qd6 $146 ({Predecessor:} 11... Qe7 12. Rad1 Rad8 13. b4 d4 14. exd4 exd4 15. cxd4 Qxb4 16. Nb3 a5 17. Rb1 Qe7 {0-1 (43) Bhagyashree,P (1742)-Nayanikaa,M (1447) Jalandhar 2017}) 12. Rad1 Ne7 13. d4 Ng6 14. exd5 exd5 15. Nc4 dxc4 16. dxe5 Qc5 17. exf6 Rxf6 18. Nd4 Raf8 19. Rxf6 Rxf6 20. Rf1 Rxf1+ $1 21. Qxf1 Qd5 22. Qf3 Qxf3 23. Nxf3 $11 {[%emt 0:00:11][%mdl 4096] Endgame KN-KN} h6 24. Kf2 Kf7 25. g3 a6 26. e4 c5 27. Ke3 Ke6 28. Kd2 Ne5 29. Nxe5 Kxe5 {[%emt 0:00:02] KP-KP} 30. Ke3 b5 31. a3 g5 32. g4 a5 33. Kf3 a4 34. Ke3 $1 Kd6 35. Kf3 Ke6 36. Ke3 Ke5 37. Kf3 Ke6 38. Ke3 Kf6 39. Kf3 Ke6 40. Ke3 Ke5 41. Kf3 Ke6 42. Ke3 Ke5 {[%emt 0:00:02] An even fight not without its subleties.  Weighted Error Value: White=0.01 (flawless) /Black=0.02 (flawless)} 1/2-1/2

[Event "31st MPL National U18G Chess-ch 2022"]
[Site "Pollachi"]
[Date "2022.04.22"]
[Round "10.2"]
[White "Keerti Shree Reddy"]
[Black "Udagedara, Sandali Kanishka"]
[Result "0-1"]
[ECO "D01"]
[WhiteElo "1721"]
[BlackElo "1510"]
[Annotator "NA RC COMBH"]
[PlyCount "116"]
[EventDate "2022.04.18"]
[EventCountry "IND"]
[SourceTitle "playchess.com"]
[Source "ChessBase"]
[SourceQuality "1"]
[TimeControl "5400+30"]

1. d4 Nf6 2. Nc3 d5 3. Bg5 Bf5 4. f3 Nbd7 5. Qd2 e6 6. e4 dxe4 7. fxe4 Bxe4 8. Qf4 Bb4 9. Qd2 c6 10. Nge2 Bg6 11. a3 Qa5 12. Rc1 Bxc3 13. Nxc3 Nd5 14. Nxd5 Qxd2+ 15. Kxd2 cxd5 16. c4 f6 17. Bf4 Rc8 18. Be2 Kf7 19. cxd5 exd5 20. Bg4 f5 21. Bf3 Nf6 22. Be5 Ne4+ 23. Bxe4 dxe4 24. Ke3 Rhe8 25. Rhf1 Rxc1 26. Rxc1 Re7 27. Bb8 a6 28. d5 Bh5 29. Bf4 h6 30. h4 Kf6 31. Bc7 Rd7 32. d6 g5 33. hxg5+ hxg5 34. g3 Bf7 35. Rc5 b6 36. Rc6 Ke5 37. Bxb6 f4+ 38. gxf4+ gxf4+ 39. Kf2 Bd5 40. Rc8 Kxd6 41. Bc5+ Ke5 42. Rh8 Bb3 43. Rh5+ Kf6 44. Be3 fxe3+ 45. Kxe3 Bd1 46. Ra5 Bf3 47. Rxa6+ Kf5 48. b4 Rd3+ 49. Kf2 Ke5 50. Ra5+ Kd4 51. Ra7 Rd2+ 52. Kg3 Ke3 53. b5 Rg2+ 54. Kh4 Kf2 55. b6 Rg4+ 56. Kh5 Rg7+ 57. Kh6 Re7 58. Rb7 Rxb7 0-1

[Event "31st MPL National U18G Chess-ch 2022"]
[Site "Pollachi"]
[Date "2022.04.22"]
[Round "10.3"]
[White "Anupam M Sreekumar"]
[Black "Ishvi Aggarwal"]
[Result "1/2-1/2"]
[ECO "C54"]
[WhiteElo "1724"]
[BlackElo "1833"]
[Annotator "NA RC COMBH"]
[PlyCount "68"]
[EventDate "2022.04.18"]
[EventCountry "IND"]
[SourceTitle "playchess.com"]
[Source "ChessBase"]
[SourceQuality "1"]
[TimeControl "5400+30"]

1. e4 e5 2. Nf3 Nc6 3. Bc4 Bc5 4. c3 Nf6 5. d3 O-O 6. O-O d5 7. exd5 Nxd5 8. Re1 Bg4 9. Nbd2 Nb6 10. h3 Bh5 11. Bb3 {[%emt 0:00:21] is now more promising than 11.Bb5.} Qxd3 12. Nxe5 Qf5 13. Nef3 Rad8 14. Qe2 Qc8 15. Ne4 Rfe8 {[%emt 0:05:14] [#]} 16. Bf4 $146 ({Predecessor:} 16. Bg5 Be7 17. Bf4 Nd5 18. Bg3 {½-½ (18) Kudrin,S (2420)-Sarkar,J (2366) Chess.com INT 2020}) 16... Na5 17. Bc2 f5 18. Qb5 fxe4 19. Qxa5 exf3 20. Qxc5 Bf7 21. Re7 ({Don't play} 21. Bxc7 Nd5 22. Bd6 Qxc5 23. Bxc5 b6 $14) ({Reject} 21. gxf3 $6 Qxh3 22. Qg5 (22. Qxc7 Nd5 $17) (22. Bxc7 Qxf3 23. Bxd8 Qg4+ 24. Kh2 Qf4+ 25. Kh3 Qf3+ 26. Kh4 Qf4+ 27. Kh3 Qf3+ 28. Kh4 Qf4+ 29. Kh3 $11) 22... h6 $11) (21. Qxc7 $16 fxg2 22. Rxe8+ (22. Kxg2 Qxc7 23. Bxc7 Rxe1 $14) 22... Rxe8 23. Qxc8 (23. Kxg2 Qxc7 24. Bxc7 Re2 $14) 23... Rxc8 24. Kxg2) 21... Nd5 22. Rxe8+ $11 ({Don't go for} 22. Bxh7+ $2 Kxh7 23. Rxf7 Qe6 24. Bxc7 Qxf7 $19) 22... Rxe8 23. Qd4 $2 {[%emt 0:00:22] [#]} (23. Bg3 $11) 23... Nxf4 $2 (23... c5 $1 $19 24. Qc4 b5 25. Bxh7+ Kxh7 26. Qd3+ Kg8 27. Qxf3 Qf5) 24. Qxf4 fxg2 25. Kxg2 Bd5+ 26. Kh2 Rf8 27. Qh4 g6 28. Rd1 c6 29. c4 Qc7+ 30. Kg1 Bf3 31. Re1 Qf4 32. Qxf4 Rxf4 33. Kh2 c5 34. Kg3 Rf7 1/2-1/2